Map: Ulrena

Players

xXkazperXx

  • Race: Zerg Zerg
  • League: Bronze

RANURA DE IA (Difícil) - Winner!

  • Race: Terran Terran

VOD

Have the link to the VOD?

Description

Time

  • Played on: March 18, 2016, 10:17 p.m.
  • Length: 19:28
Show
View Real Time Build Order
Export as new Build Order

xXkazperXx Zerg 

Build Orders: Pool First 

Get SALT Encoding   

  12  0:02  Drone  
  13  0:09  Drone  
  14  0:19  Overlord  
  14  0:38  Spawning Pool  
  14  0:39  Drone  
  14  0:44  Extractor, Drone  
  14  0:53  Drone x2  
  16  1:02  Overlord  
  16  1:25  Zergling x4  
  18  1:26  Queen  
  20  1:35  Drone  
  21  1:47  Metabolic Boost  
  21  1:50  Zergling x2  
  22  1:57  Extractor  
  22  1:59  Drone  
  22  2:07  Overlord  
  22  2:16  Drone  
  23  2:26  Burrow  
  23  2:32  Roach Warren  
  22  2:37  Drone x4  
  26  3:07  Hatchery  
  26  3:10  Zergling x6  
  28  3:16  Drone x2  
  30  3:24  Overlord  
  30  4:01  Roach  
  30  4:02  Roach x2  
  36  4:04  Lair  
  36  4:20  Drone  
  37  4:41  Pneumatized Carapace  
  37  4:42  Drone x2  
  39  4:49  Drone x6  
  45  5:03  Drone x2  
  47  5:17  Roach x2  
  47  5:19  Drone  
  52  5:32  Overlord  
  52  5:43  Tunneling Claws  
  52  5:48  Hydralisk Den  
  51  5:50  Queen  
  51  5:52  Spire  
  52  6:00  Extractor  
  51  6:04  Roach x2  
  51  6:05  Roach x2  
  59  6:12  Overlord  
  59  6:25  Drone  
  60  7:03  Lurker Den  
  60  7:23  Hydralisk x4  
  60  7:25  Hatchery  
  60  7:26  Overlord  
  60  7:27  Overlord  
  67  7:59  Drone  
  67  8:00  Drone  
  67  8:02  Mutalisk  
  67  8:04  Mutalisk x3  
  77  8:15  Drone  
  78  8:23  Spine Crawler  
  78  8:26  Spore Crawler  
  76  8:30  Spine Crawler  
  75  8:34  Spore Crawler  
  74  8:42  Drone  
  75  8:49  Overlord  
  75  8:50  Overlord  
  75  8:57  Mutalisk x2  
  75  8:58  Mutalisk x4  
  75  9:00  Zergling x4  
  89  9:03  Drone  
  90  9:55  Corruptor x3  
  90  9:56  Roach x9  
  96  10:05  Infestation Pit  
  94  10:18  Hydralisk x3  
  94  10:19  Hydralisk  
  94  10:23  Roach x2  
  74  10:46  Corruptor x3  
  74  10:48  Corruptor x3  
  86  11:01  Queen  
  88  11:05  Hive  
  88  11:08  Drone x3  
  91  11:12  Drone x2  
  91  11:16  Corruptor x2  
  97  11:45  Overlord x3  
  97  12:03  Queen  
  99  12:08  Mutalisk x2  
  99  12:09  Mutalisk x2  
  107  12:38  Spine Crawler  
  107  12:41  Viper  
  109  12:48  Extractor  
  108  12:51  Extractor  
  108  12:58  Extractor  
  106  13:04  Zergling x6  
  106  13:05  Zergling x2  
  110  13:13  Baneling Nest  
  109  13:28  Overlord x3  
  109  13:29  Overlord  
  109  13:59  Greater Spire  
  109  14:02  Drone x3  
  75  14:43  Roach x3  
  75  14:44  Roach x3  
  87  14:46  Zergling x6  
  87  14:50  Zergling x10  
  95  15:09  Drone x2  
  95  15:11  Drone x2  
  99  15:19  Evolution Chamber  
  99  15:21  Drone x3  
  101  15:31  Roach x2  
  101  15:32  Roach x2  
  111  15:35  Roach  
  111  15:46  Spine Crawler  
  111  15:49  Spine Crawler  
  109  15:52  Spine Crawler  
  108  16:10  Hatchery  
  107  16:15  Hydralisk x3  
  107  16:17  Hydralisk x3  
  119  16:25  Brood Lord x10  
  139  16:35  Drone  
  139  16:37  Drone  
  141  16:42  Hydralisk x3  
  147  17:31  Mutalisk  
  147  17:32  Mutalisk  
  147  17:35  Overlord x3  
  131  17:56  Drone x3  
  134  18:16  Extractor  
  133  18:38  Mutalisk x6  
  133  18:40  Drone, Mutalisk x3  
Show
View Real Time Build Order
Export as new Build Order

RANURA DE IA (Difícil) Terran - Winner!

Build Orders: MMM Bio 

Get SALT Encoding   

  12  0:00  SCV  
  13  0:13  SCV  
  14  0:20  Supply Depot  
  14  0:25  SCV  
  15  0:41  SCV  
  16  0:44  Barracks  
  16  0:53  SCV  
  17  1:05  SCV  
  18  1:19  Command Center  
  18  1:30  Marine  
  19  1:33  Orbital Command  
  19  1:38  Supply Depot  
  19  1:46  Refinery  
  19  1:48  Marine  
  20  1:59  SCV  
  21  2:02  Barracks  
  21  2:10  Marine  
  21  2:11  Refinery  
  21  2:12  SCV  
  23  2:24  SCV  
  24  2:30  Supply Depot, Barracks Tech Lab  
  24  2:39  SCV  
  25  2:48  Marine  
  25  2:49  Marine  
  25  2:51  SCV  
  28  2:59  SCV  
  28  3:03  SCV  
  30  3:06  Marine  
  30  3:08  Barracks Tech Lab  
  30  3:11  SCV  
  32  3:16  Factory  
  32  3:24  Marauder  
  32  3:26  Factory  
  34  3:29  Refinery  
  34  3:34  Marauder  
  34  3:39  SCV  
  36  3:50  Refinery  
  36  4:01  Factory Tech Lab  
  36  4:03  Starport  
  36  4:09  Starport  
  36  4:10  Factory Tech Lab  
  36  4:12  SCV  
  36  4:14  SCV  
  38  4:24  SCV  
  38  4:26  SCV  
  40  4:37  SCV  
  40  4:38  SCV  
  42  4:40  Starport Tech Lab  
  42  4:41  Stimpack  
  42  4:46  Starport Tech Lab  
  42  4:49  SCV, Combat Shields  
  42  4:50  SCV  
  44  4:56  Supply Depot  
  44  5:00  Banshee  
  44  5:01  SCV  
  44  5:02  Engineering Bay  
  48  5:07  SCV  
  48  5:13  SCV  
  50  5:19  Marine, SCV  
  52  5:25  SCV  
  52  5:28  Terran Infantry Weapons Level 1  
  53  5:31  SCV  
  53  5:34  Marine  
  53  5:35  Supply Depot  
  55  5:37  SCV  
  56  5:44  SCV  
  56  5:49  SCV, Marauder  
  60  5:56  SCV  
  61  5:57  Supply Depot  
  61  6:01  SCV  
  64  6:04  Marauder  
  64  6:08  SCV, Concussive Shells  
  65  6:13  SCV  
  66  6:19  Marauder  
  66  6:20  SCV  
  66  6:21  Supply Depot  
  69  6:25  SCV  
  70  6:34  Siege Tank  
  70  6:36  Ghost Academy  
  73  6:42  Raven, SCV  
  73  6:44  Supply Depot  
  76  6:49  Cyclone  
  76  6:52  Missile Turret  
  79  6:55  Missile Turret  
  79  6:58  Missile Turret  
  79  7:01  Missile Turret  
  79  7:04  Viking  
  79  7:06  SCV  
  82  7:08  Sensor Tower  
  82  7:09  Supply Depot  
  82  7:15  Armory  
  82  7:18  Ghost  
  82  7:20  Bunker  
  82  7:22  Terran Infantry Armor Level 1  
  84  7:23  Barracks  
  84  7:25  Raven  
  84  7:27  Bunker  
  86  7:34  Banshee  
  89  8:11  Barracks Reactor  
  89  9:55  Medivac x2, Widow Mine  
  89  9:56  Terran Infantry Weapons Level 2, Terran Vehicle Weapons Level 1  
  89  9:58  Supply Depot  
  89  9:59  Marine  
  95  10:03  Fusion Core, Command Center  
  95  10:04  Marine  
  97  10:08  Marine, Engineering Bay  
  97  10:14  Armory  
  98  10:18  Marine  
  95  10:22  Supply Depot  
  95  10:23  Marine  
  95  10:25  Raven, Medivac  
  95  10:27  Marine  
  82  10:31  Marine  
  82  10:33  Terran Infantry Armor Level 2  
  68  10:37  Marauder  
  68  10:40  Siege Tank  
  73  10:44  Widow Mine  
  73  10:48  Marine  
  76  10:53  Marine  
  76  10:55  Raven  
  79  10:57  Marine  
  79  11:01  Marine, Terran Ship Weapons Level 1  
  81  11:06  Marine  
  81  11:08  Raven  
  81  11:11  Marine  
  85  11:19  Marine  
  85  11:23  Refinery  
  85  11:24  Siege Tank  
  85  11:25  Marauder  
  91  11:26  Missile Turret  
  91  11:29  Missile Turret  
  91  11:32  Refinery  
  91  11:37  Marauder  
  93  11:45  SCV  
  93  11:46  Marauder  
  96  11:50  Bunker  
  96  11:51  Terran Vehicle And Ship Armor Level 1  
  96  11:55  SCV  
  96  11:57  SCV  
  96  11:58  SCV  
  96  11:59  Marauder  
  101  12:04  Command Center  
  101  12:07  Marauder  
  102  12:25  SCV  
  102  13:17  SCV  
  102  13:18  SCV  
  104  13:20  SCV  
  104  13:21  SCV  
  106  13:27  Refinery  
  106  13:28  Missile Turret  
  106  13:29  SCV, Missile Turret  
  106  13:30  Refinery  
  106  13:31  SCV  
  108  13:44  Viking  
  108  13:45  Terran Vehicle Weapons Level 2, Terran Infantry Armor Level 3, Terran Infantry Weapons Level 3  
  108  13:48  Supply Depot  
  110  13:49  Thor  
  110  13:50  Bunker  
  110  13:53  Viking  
  110  13:55  Terran Vehicle And Ship Armor Level 2  
  118  13:57  Liberator  
  118  13:58  Siege Tank  
  121  14:12  Supply Depot  
  121  14:17  Marine  
  107  14:21  Marine  
  107  14:23  Medivac  
  99  14:25  Marine  
  99  14:30  Marine  
  89  14:34  Marine  
  87  14:39  Marine  
  87  14:43  Marine  
  89  14:51  Siege Tank  
  89  14:52  Marine  
  92  14:53  Raven  
  92  14:56  Siege Tank  
  92  14:57  Raven  
  100  15:23  Thor  
  100  15:28  Siege Tank  
  109  15:36  Raven  
  109  15:40  Viking  
  113  16:00  Cyclone  
  113  16:01  Terran Ship Weapons Level 2  
  116  16:10  Viking  
  118  16:11  Terran Vehicle Weapons Level 3  
  118  16:19  Medivac, High Capacity Fuel Tanks  
  118  16:22  Building Armor, Hi-Sec Auto Tracking  
  120  16:31  Liberator  
  120  16:40  Medivac  
  120  16:41  Command Center  
  122  16:49  Advanced Ballistics  
  125  17:19  Neosteel Frame  
  125  17:21  Hellion  
  127  17:25  Marauder  
  127  17:28  Supply Depot, Marauder  
  131  17:32  Hellion  
  131  17:36  Battlecruiser  
  136  17:39  Marine  
  136  17:42  Marine  
  137  17:47  Marauder  
  137  17:50  Marauder  
  141  17:52  Supply Depot  
  141  17:54  Hellion, Refinery  
  141  17:57  Infernal Pre-Igniter  
  141  17:58  Hellion  
  145  18:01  Banshee  
  145  18:04  Marine  
  149  18:06  Missile Turret  
  149  18:07  Missile Turret  
  149  18:09  Marauder  
  149  18:11  Refinery  
  151  18:14  Widow Mine  
  151  18:18  Widow Mine  
  155  18:28  Bunker  
  155  18:41  Weapon Refit  
  161  18:43  Widow Mine  
Tags
 
Composition
MMM Bio
League
Bronze
Matchup
TvZ
Opening
Pool First
Replay Pack
replays pack
Add a new tag
Caveats
  • Supply blocks, unpowered buildings, or Contaminate may cause inaccurate times.
  • Supply counts are checked every 10 seconds.